Map: Bel'Shir Vestige LE (Void)

Players

Musumeci

  • Race: Zerg Zerg
  • League: Diamond
  • Spawn Location: 5:00

SamCrow - Winner!

  • Race: Protoss Protoss
  • League: Diamond
  • Spawn Location: 11:00

VOD

Have the link to the VOD?

Description

Time

  • Played on: Jan. 28, 2017, 1:40 p.m.
  • Length: 9:53
Show
View Real Time Build Order
Export as new Build Order

Musumeci Zerg 

Build Orders: Hatch First 

Get SALT Encoding   

  12  0:08  Drone x2  
  14  0:16  Drone, Extractor  
  15  0:28  Extractor  
  14  0:32  Drone, Extractor  
  16  0:45  Hatchery  
  15  1:05  Spawning Pool  
  15  1:10  Overlord  
  14  1:22  Drone x2, Extractor x2  
  16  1:28  Drone  
  17  1:33  Drone  
  18  1:44  Drone  
  19  1:55  Queen  
  19  1:57  Queen  
  23  2:02  Drone  
  23  2:03  Drone  
  23  2:05  Overlord  
  25  2:09  Drone  
  26  2:18  Drone  
  27  2:31  Queen  
  27  2:32  Queen, Drone  
  27  2:34  Drone  
  33  2:38  Drone  
  33  2:39  Drone  
  33  2:41  Drone  
  36  2:53  Overlord  
  36  2:55  Overlord  
  36  3:10  Hatchery  
  35  3:14  Drone, Extractor, Roach Warren  
  35  3:15  Drone  
  35  3:16  Extractor  
  35  3:19  Drone x2  
  36  3:30  Drone x5  
  41  3:37  Evolution Chamber  
  40  3:43  Evolution Chamber  
  35  4:30  Drone  
  35  4:31  Drone x7  
  42  4:37  Spore Crawler  
  41  4:50  Drone x7  
  48  4:56  Zerg Missile Weapons Level 1  
  48  5:04  Roach x3  
  54  5:19  Overlord x3  
  54  5:25  Lair  
  54  5:27  Drone  
  54  5:28  Drone x3  
  57  5:29  Extractor  
  57  5:31  Drone  
  57  5:32  Extractor, Overlord  
  57  5:33  Overlord x3  
  57  5:47  Spore Crawler  
  57  5:49  Spore Crawler  
  53  5:51  Spore Crawler  
  53  5:53  Spore Crawler  
  53  5:54  Spore Crawler  
  53  5:56  Spore Crawler x2  
  46  5:57  Spore Crawler x2  
  46  5:58  Roach x6  
  60  6:23  Drone x12  
  72  6:34  Glial Reconstitution  
  72  6:36  Zerg Ground Armor Level 1  
  72  6:42  Drone  
  72  6:43  Drone x9  
  82  6:56  Roach x6  
  94  7:01  Zerg Missile Weapons Level 2  
  94  7:19  Overseer  
  91  7:31  Extractor  
  91  7:32  Extractor  
  90  7:37  Ravager  
  90  7:38  Queen  
  90  7:40  Queen  
  94  7:46  Drone x2  
  94  7:47  Drone x3, Spire  
  94  7:48  Drone  
  99  7:53  Overseer  
  99  8:02  Roach  
  99  8:03  Roach x6  
  113  8:26  Ravager x4  
  113  8:28  Overlord x2  
  113  8:29  Overlord x5  
  113  8:40  Ravager  
  114  8:46  Ravager  
  114  8:47  Ravager x2  
  107  9:09  Roach x6  
  131  9:10  Roach x13  
Show
View Real Time Build Order
Export as new Build Order

SamCrow Protoss - Winner!

Build Orders: Zealot Archon, Dark Templar Rush 

Get SALT Encoding   

  12  0:01  Probe (Chrono Boost)  
  13  0:11  Probe (Chrono Boost)  
  14  0:18  Pylon  
  14  0:22  Probe (Chrono Boost)  
  15  0:36  Probe (Chrono Boost)  
  15  0:38  Gateway  
  16  0:45  Assimilator  
  16  0:47  Probe (Chrono Boost)  
  17  0:58  Probe (Chrono Boost)  
  17  1:01  Pylon  
  18  1:08  Probe (Chrono Boost)  
  19  1:19  Probe (Chrono Boost)  
  20  1:29  Cybernetics Core  
  20  1:41  Probe (Chrono Boost)  
  21  1:50  Nexus  
  21  1:57  Assimilator  
  21  1:58  Probe (Chrono Boost)  
  22  2:03  Adept  
  22  2:08  Warp Gate  
  24  2:10  Probe (Chrono Boost)  
  25  2:19  Pylon  
  26  2:23  Probe (Chrono Boost)  
  26  2:29  Twilight Council  
  26  2:37  Adept  
  28  2:51  Mothership Core (Chrono Boost)  
  30  3:00  Adept  
  30  3:02  Probe (Chrono Boost)  
  33  3:10  Probe (Chrono Boost)  
  33  3:12  Robotics Facility  
  34  3:15  Probe (Chrono Boost)  
  35  3:22  Assimilator  
  35  3:23  Probe (Chrono Boost)  
  35  3:26  Probe (Chrono Boost)  
  38  3:35  Probe (Chrono Boost)  
  38  3:37  Probe (Chrono Boost)  
  38  3:40  Dark Shrine  
  39  3:47  Probe x2 (Chrono Boost)  
  41  3:54  Pylon  
  41  3:58  Probe (Chrono Boost)  
  41  3:59  Probe (Chrono Boost)  
  44  4:11  Probe (Chrono Boost)  
  42  4:23  Gateway  
  42  4:24  Gateway  
  42  4:25  Warp Prism  
  42  4:26  Gateway  
  42  4:29  Probe (Chrono Boost)  
  42  4:30  Probe (Chrono Boost)  
  46  4:35  Assimilator  
  46  4:39  Probe (Chrono Boost)  
  46  4:42  Probe (Chrono Boost)  
  48  4:51  Probe (Chrono Boost)  
  49  4:54  Probe (Chrono Boost)  
  49  4:58  Forge  
  50  5:01  Probe (Chrono Boost)  
  50  5:03  Gateway  
  50  5:04  Gateway  
  50  5:07  Probe (Chrono Boost)  
  52  5:12  Probe (Chrono Boost)  
  53  5:19  Probe (Chrono Boost)  
  54  5:23  Dark Templar x2  
  54  5:24  Dark Templar x2  
  62  5:36  Protoss Ground Weapons Level 1  
  62  6:06  Blink  
  62  6:20  Pylon  
  62  6:21  Pylon  
  62  6:23  Pylon  
  62  6:26  Pylon  
  62  6:33  Immortal  
  62  6:36  Gateway x2  
  66  6:43  Archon  
  66  6:44  Archon  
  66  6:51  Gateway x2  
  66  6:57  Stalker x2, Pylon  
  66  6:58  Stalker x3  
  66  6:59  Pylon  
  66  7:00  Stalker  
  78  7:07  Immortal  
  80  7:32  Stalker x3  
  80  7:33  Stalker x3  
  92  7:40  Pylon  
  92  7:42  Pylon  
  92  7:44  Pylon  
  92  8:03  Stalker x3  
  92  8:04  Stalker  
  92  8:05  Stalker x3  
  104  8:07  Stalker x2  
  104  8:08  Stalker  
  112  8:33  Pylon  
  112  8:36  Pylon  
  112  8:39  Pylon  
  112  8:40  Stalker x2  
  116  8:41  Stalker x2  
  116  8:42  Stalker x2  
  116  8:43  Stalker  
  116  8:44  Stalker  
  108  9:29  Stalker x3  
  108  9:30  Stalker x4  
  108  9:31  Stalker x3  
Tags
 
Add a new tag
Caveats
  • Supply blocks, unpowered buildings, or Contaminate may cause inaccurate times.
  • Supply counts are checked every 10 seconds.